 Dungeon Crawl Stone Soup version 0.25-a0-576-g50b708a4c4 (webtiles) character file.

Game seed: 10482061693606287178, levelgen mode: deterministic

478 Flugslaktarn the Chopper (level 6, 0/57 HPs)
             Began as a Deep Dwarf Fighter on Mar 1, 2020.
             Succumbed to Dowan's poison
             ... on level 4 of the Dungeon.
             The game lasted 00:00:53 (590 turns).

Flugslaktarn the Chopper (Deep Dwarf Fighter)        Turns: 590, Time: 00:00:54

Health: 0/57       AC:  7    Str: 22    XL:     6   Next: 86%
Magic:  3/3        EV:  7    Int:  8    God:
Gold:   170        SH: 10    Dex: 12    Spells: 5/5 levels left

rFire    . . .     SeeInvis .   a - +0 war axe
rCold    . . .     Gourm    .   c - +0 kite shield
rNeg     . . .     Faith    .   b - +0 scale mail
rPois    .         Spirit   .   (no helmet)
rElec    .         Reflect  .   (no cloak)
rCorr    .         Harm     .   (no gloves)
MR       .....                  (no boots)
Stlth    ..........             (no amulet)
HPRegen  0.00/turn              (no ring)
MPRegen  0.08/turn              (no ring)

@: lethally poisoned (0 -> -10), fainting, non-regenerating
A: damage resistance, heal wounds, sense surroundings 1, no regeneration
a: Heal Wounds


You were on level 4 of the Dungeon.
You were fainting.

You visited 1 branch of the dungeon, and saw 4 of its levels.

You collected 170 gold pieces.

Inventory:

Hand Weapons
 a - a +0 war axe (weapon)
Armour
 b - a +0 scale mail (worn)
 c - a +0 kite shield (worn)
Scrolls
 f - a scroll of identify {unknown}
 g - a scroll of blinking {unknown}
 l - a scroll of enchant weapon {unknown}
 m - a scroll of immolation {unknown}
 w - a scroll of remove curse
Potions
 d - a potion of might
 h - 2 potions of degeneration {unknown}
 i - a potion of brilliance {unknown}
Comestibles
 e - 4 rations
 j - 2 chunks of flesh


   Skills:
 + Level 4.0 Fighting
 * Level 5.3 Axes
 + Level 4.8 Armour
 + Level 4.8 Shields


You had 5 spell levels left.
You didn't know any spells.
Your spell library was empty.

Dungeon Overview and Level Annotations

Branches:
Dungeon (4/15)
 Temple: D:4-7

Altars:

Annotations:
D:4 Dowan


Innate Abilities, Weirdness & Mutations

You are resistant to damage.
You can heal yourself by infusing magical energy.
You passively map a small area around you.
You do not regenerate.


Message History

Some of the chunks of flesh in your inventory have rotted away.
You're too hungry.
You barely miss the hungry ghost.
The hungry ghost is heavily damaged.
You miss Dowan.
* * * LOW HITPOINT WARNING * * *
You feel sick. Dowan hits you but does no damage.
You block the hungry ghost's attack. Dowan hits you but does no damage.
You are lethally poisoned!
The hungry ghost hits you.
* * * LOW HITPOINT WARNING * * *
You are fainting from starvation!
Dowan gestures wildly while chanting.
Dowan blinks!
You're too hungry.
Unknown command.
As you read the scroll labeled ERA CYOTUCA, it crumbles to dust.
You feel blessed for a moment.
It was a scroll of remove curse.
w - a scroll of remove curse You die...

###....### ,
,#........## * ##.
...#..#.ยง.# #..
..........## #.#
.#?.....#..# #######.#
...........#####.....#.#
......W.....e.##.###.#.#
*
.#....)@#...#.##.#....[#
...........##.##.#.#....
...#..#...............#.
#........####.#######.#.
#........# #.# #.#.
##........ ..# #.#.
######### #### #.#. #...
####


You could see a hungry ghost and Dowan.

Vanquished Creatures
  Grinder (D:3)
  Duvessa (D:4)
  A scorpion (D:4)
  Ijyb (D:3)
  Natasha (twice) (D:2)
  3 adders
  A dart slug (D:2)
  4 orcs (D:3)
  2 ball pythons (D:2)
  A giant cockroach (D:2)
  3 goblins
  4 hobgoblins (D:2)
  3 jackals (D:2)
  7 kobolds
  A quokka (D:3)
  A frilled lizard (D:4)
  A rat (D:2)
37 creatures vanquished.

Notes
Turn   | Place    | Note
-------+----------+-------------------------------------------
     0 | D:1      | Flugslaktarn the Deep Dwarf Fighter began the quest for the
                  | Orb.
     0 | D:1      | Reached XP level 1. HP: 20/20 MP: 1/1
    81 | D:2      | Reached XP level 2. HP: 25/27 MP: 2/2
   102 | D:2      | Noticed Natasha
   110 | D:2      | Killed Natasha
   110 | D:2      | Reached skill level 3 in Axes
   110 | D:2      | Reached XP level 3. HP: 32/34 MP: 2/2
   224 | D:2      | Found a faded altar of an unknown god.
   308 | D:2      | Noticed Natasha
   315 | D:2      | Reached XP level 4. HP: 33/42 MP: 3/3
   325 | D:2      | Killed Natasha
   451 | D:3      | Noticed Ijyb
   453 | D:3      | Noticed Grinder
   473 | D:3      | Paralysed by Grinder for 4 turns
   492 | D:3      | Killed Ijyb
   492 | D:3      | Reached XP level 5. HP: 33/49 MP: 2/2
   507 | D:3      | Killed Grinder
   507 | D:3      | Reached skill level 4 in Axes
   507 | D:3      | Reached XP level 6. HP: 35/57 MP: 3/3
   557 | D:4      | Reached skill level 5 in Axes
   563 | D:4      | Noticed Dowan
   564 | D:4      | Noticed Duvessa
   566 | D:4      | Noticed a hungry ghost
   576 | D:4      | Killed Duvessa
   590 | D:4      | Succumbed to Dowan's poison

Levels and vault maps discovered:
D:1:      wander_arrival_peaceful_grave, layout_basic
D:2:      layout_rooms, chequers_ecumenical_altar_simple_redux, uniq_natasha
D:3:      layout_loops_ring, grunt_temple_overflow_open, uniq_grinder, uniq_ijyb
D:4:      layout_loops_cross, okawaru_gym_becter,
          minmay_temple_entry_drinking_statues, first_ration,
          minmay_misc_feat_plants, grunt_ministairs_5,
          kennysheep_generic_room_8, uniq_duvessa, uniq_blork_the_orc,
          uniq_robin

Skill      XL: |  1  2  3  4  5  6 |
---------------+-------------------+-----
Fighting       | 3 4 |  4.0
Axes           | 3 4 5 |  5.3
Armour         | 4 |  4.8
Shields        | 4 |  4.8

Action                   |  1- 3 |  4- 6 || total
-------------------------+-------+-------++-------
Melee: War axe           |    66 |    95 ||   161
 Abil: Heal Wounds       |     1 |    10 ||    11
  Use: Scroll            |       |     1 ||     1
  Eat: Chunk             |       |     3 ||     3
Armor: Scale mail        |    30 |    45 ||    75
Dodge: Dodged            |    21 |    39 ||    60
Block: Kite shield       |    39 |    61 ||   100

Table legend:
 A = Non-vault XP
 B = Vault XP
 C = Vault XP percentage of total XP
 D = Non-vault monster count
 E = Vault monster count
 F = Vault count percentage of total count
                 A         B        C        D         E       F
            +---------+---------+-------+---------+---------+-------
      Total |     197 |     487 |  71.2 |      33 |       4 |  10.8
            +---------+---------+-------+---------+---------+-------
        D:1 |       8 |       0 |   0.0 |       5 |       0 |   0.0
        D:2 |      98 |      35 |  26.3 |      19 |       1 |   5.0
        D:3 |      16 |     317 |  95.2 |       6 |       2 |  25.0
        D:4 |      75 |     135 |  64.3 |       3 |       1 |  25.0
            +---------+---------+-------+---------+---------+-------
